[Event "35th Roquetas Festival 2024"]
[Site "Roquetas de Mar"]
[Date "2024.01.03"]
[Round "2.15"]
[White "Martinez Piqueras, Carlos"]
[Black "Stremavicius, Pijus"]
[Result "0-1"]
[ECO "C09"]
[WhiteElo "2126"]
[BlackElo "2393"]
[Annotator "RC"]
[PlyCount "106"]
[EventDate "2024.01.02"]
[EventType "swiss"]
[EventCountry "ESP"]
[SourceTitle "playchess.com"]
[Source "ChessBase"]
[SourceQuality "1"]
[TimeControl "5400+30"]

1. e4 e6 2. d4 d5 3. Nd2 c5 4. exd5 exd5 5. Ngf3 Nc6 6. Bb5 Qe7+ 7. Be2 Qc7 8. O-O Nf6 9. dxc5 Bxc5 10. Nb3 Be7 11. Nbd4 O-O 12. h3 Re8 13. c3 a6 14. Bd3 Ne4 15. Re1 Bf6 16. Be3 Bd7 17. Qb3 Qd6 18. Rad1 Rad8 19. Ne2 Bc8 20. Bb6 Nc5 21. Qc2 Nxd3 22. Qxd3 Ne5 23. Nxe5 Qxb6 24. Ng4 Bxg4 25. hxg4 Qxb2 26. Nf4 Rxe1+ 27. Rxe1 Qxc3 28. Qb1 g6 29. Rd1 Qc4 30. g3 b5 31. Rc1 Qd4 32. Qb3 Qb2 33. Rc6 a5 34. Qf3 Bd4 35. Kg2 Qxa2 36. Rc7 Be5 37. Rb7 Bxf4 38. Qxf4 d4 39. Rxb5 Qe2 40. Re5 Qc4 41. Rxa5 Qc6+ 42. Qf3 Qd7 43. Ra1 d3 44. Rd1 d2 45. Qe3 Qd5+ 46. Qf3 Qd4 47. g5 Kg7 48. Qb3 Qe5 49. Qb6 Qxg5 50. Qb2+ Kg8 51. Qc3 Qd5+ 52. f3 h5 53. Qf6 Re8 0-1

[Event "35th Roquetas Festival 2024"]
[Site "Roquetas de Mar"]
[Date "2024.01.03"]
[Round "2.16"]
[White "Camacho Collados, Jose"]
[Black "Alba Fernandez, Nicolas"]
[Result "1/2-1/2"]
[ECO "D02"]
[WhiteElo "2381"]
[BlackElo "2123"]
[Annotator "RC"]
[PlyCount "109"]
[EventDate "2024.01.02"]
[EventType "swiss"]
[EventCountry "ESP"]
[SourceTitle "playchess.com"]
[Source "ChessBase"]
[SourceQuality "1"]
[TimeControl "5400+30"]

1. d4 d5 2. Nf3 c5 3. dxc5 Nf6 4. c4 e6 5. Be3 Nbd7 6. cxd5 Nxd5 7. Bd4 Bxc5 8. Bxg7 Rg8 9. Bd4 e5 10. Bxc5 Nxc5 11. Nc3 Be6 12. Nxd5 Bxd5 13. e3 a6 14. Rc1 Ne4 15. Nd2 Qa5 16. f3 Nxd2 17. Qxd2 Qxd2+ 18. Kxd2 Bxa2 19. e4 Rg6 20. Rc5 Rb6 21. Kc1 Ke7 22. Be2 Kd6 23. Rc3 Bb3 24. Bd1 Be6 25. Ba4 Rc8 26. Rd1+ Ke7 27. Rxc8 Bxc8 28. Rd5 f6 29. Rc5 Kd8 30. f4 Rb4 31. Bc2 exf4 32. Rh5 Bg4 33. Rxh7 f3 34. gxf3 Bxf3 35. Rh4 Ke7 36. b3 Rb5 37. Kd2 Rh5 38. Rxh5 Bxh5 39. Ke3 a5 40. Kd4 Kd6 41. Bd3 Bd1 42. Bc4 Bh5 43. h4 b6 44. Bd3 Bd1 45. Bc4 Bh5 46. Bg8 Bg6 47. Kc4 Be8 48. Kd4 Bh5 49. Bd5 Bg6 50. Bc4 Bh5 51. Bb5 Bf7 52. Ba4 Bh5 53. Bb5 Bf7 54. Ba4 Bh5 55. Bb5 1/2-1/2

[Event "35th Roquetas Festival 2024"]
[Site "Roquetas de Mar"]
[Date "2024.01.03"]
[Round "2.17"]
[White "Torres Rebolledo, Victor"]
[Black "Bernal Moro, Luis Javier"]
[Result "1/2-1/2"]
[ECO "E73"]
[WhiteElo "2124"]
[BlackElo "2370"]
[Annotator "RC"]
[PlyCount "60"]
[EventDate "2024.01.02"]
[EventType "swiss"]
[EventCountry "ESP"]
[SourceTitle "playchess.com"]
[Source "ChessBase"]
[SourceQuality "1"]
[TimeControl "5400+30"]

1. d4 Nf6 2. c4 g6 3. Nc3 Bg7 4. e4 d6 5. Be2 O-O 6. Be3 e5 7. d5 Na6 8. h4 Nc5 9. Qc2 c6 10. h5 cxd5 11. cxd5 Qa5 12. h6 Bh8 13. f3 Nh5 14. Rb1 Qd8 15. b4 Na6 16. g4 Nf4 17. Bf1 Bf6 18. Nh3 Bh4+ 19. Kd2 Nxh3 20. Bxh3 Bg5 21. Qd3 Bd7 22. Rhc1 f6 23. Bf1 Qe7 24. Bxg5 fxg5 25. Qe3 Nc7 26. Be2 Rfc8 27. Rb2 Qd8 28. Rbc2 Ne8 29. a4 Kf7 30. Bb5 Bxb5 1/2-1/2

[Event "35th Roquetas Festival 2024"]
[Site "Roquetas de Mar"]
[Date "2024.01.03"]
[Round "2.18"]
[White "Fiorito, Francisco"]
[Black "Garrido Diaz, Ernesto"]
[Result "1-0"]
[ECO "A06"]
[WhiteElo "2370"]
[BlackElo "2120"]
[Annotator "RC"]
[PlyCount "133"]
[EventDate "2024.01.02"]
[EventType "swiss"]
[EventCountry "ESP"]
[SourceTitle "playchess.com"]
[Source "ChessBase"]
[SourceQuality "1"]
[TimeControl "5400+30"]

1. Nf3 d5 2. b3 Nf6 3. Bb2 e6 4. e3 Be7 5. d4 b6 6. Bd3 Bb7 7. O-O O-O 8. a3 Nbd7 9. c4 c5 10. Nc3 Rc8 11. Rc1 Ne4 12. cxd5 exd5 13. dxc5 Ndxc5 14. Be2 Bf6 15. Nd4 a6 16. Na2 g6 17. Nb4 a5 18. Nd3 Nxd3 19. Bxd3 Rxc1 20. Qxc1 Qe7 21. Rd1 Nc5 22. Bc2 Ne6 23. Ne2 Rc8 24. Qb1 Bxb2 25. Qxb2 Qg5 26. Nd4 Qf6 27. h3 Nxd4 28. Rxd4 Qc6 29. Bd1 Qc3 30. Qe2 Re8 31. Qd2 Qa1 32. a4 Qb1 33. Kh2 Rc8 34. Rf4 Qa1 35. Bf3 Qe5 36. g3 Qc3 37. Qd1 Qc2 38. Qd4 Qxb3 39. Qf6 Rf8 40. Bg4 d4 41. Rxd4 Qb1 42. Bf3 Bxf3 43. Qxf3 Qb3 44. Qc6 h5 45. Kg2 Qa3 46. Qxb6 Qc3 47. Qf6 Qc5 48. Qf3 Rc8 49. Rd5 Qb4 50. Rd7 Qc4 51. Qd5 Rc5 52. Qa8+ Kg7 53. Rd4 Qe6 54. Qb7 Rf5 55. Qb2 Kh7 56. Rd8 Re5 57. f4 Qc6+ 58. Kf2 Re8 59. Rxe8 Qxe8 60. Qd4 Qc8 61. Qd5 Kg8 62. Qxa5 Qxh3 63. Qa8+ Kg7 64. Qd5 Qc8 65. a5 Qc2+ 66. Kf3 Qa4 67. Qd4+ 1-0

[Event "35th Roquetas Festival 2024"]
[Site "Roquetas de Mar"]
[Date "2024.01.03"]
[Round "2.19"]
[White "Bravo De La Vega, Alvaro"]
[Black "Habans Aguerrea, Javier"]
[Result "0-1"]
[ECO "B12"]
[WhiteElo "2121"]
[BlackElo "2368"]
[Annotator "ChessBase"]
[PlyCount "66"]
[EventDate "2024.01.02"]
[EventType "swiss"]
[EventCountry "ESP"]
[SourceTitle "playchess.com"]
[Source "ChessBase"]
[SourceQuality "1"]
[TimeControl "5400+30"]

1. e4 c6 2. d4 d5 3. e5 c5 4. dxc5 e6 5. Qh5 Bxc5 6. Bd3 Qb6 7. Qe2 Nc6 8. Nf3 f6 9. O-O fxe5 10. Nxe5 Nf6 11. Nc3 Bd6 12. Ng4 O-O 13. Nxf6+ Rxf6 14. Bg5 Rf7 15. Qh5 g6 16. Bxg6 hxg6 17. Qxg6+ Rg7 18. Qe8+ Bf8 19. Bh6 Rf7 20. Bxf8 Bd7 21. Qxa8 Rxf8 22. Qxf8+ Kxf8 23. Na4 Qb4 24. b3 Nd4 25. a3 Qa5 26. Rad1 Nxc2 27. Rc1 Bxa4 28. Rxc2 Bxb3 29. Rc8+ Ke7 30. h4 d4 31. Rb1 Bd5 32. h5 Be4 33. Rd1 Qg5 0-1

[Event "35th Roquetas Festival 2024"]
[Site "Roquetas de Mar"]
[Date "2024.01.03"]
[Round "2.20"]
[White "Buiza Prieto, Eihartze"]
[Black "Suarez Uriel, Adrian"]
[Result "0-1"]
[ECO "B24"]
[WhiteElo "2115"]
[BlackElo "2365"]
[Annotator "RC"]
[PlyCount "52"]
[EventDate "2024.01.02"]
[EventType "swiss"]
[EventCountry "ESP"]
[SourceTitle "playchess.com"]
[Source "ChessBase"]
[SourceQuality "1"]
[TimeControl "5400+30"]

1. e4 c5 2. Nc3 Nc6 3. Bb5 Nd4 4. Bc4 e6 5. Nge2 a6 6. Nxd4 cxd4 7. Ne2 Bc5 8. d3 Ne7 9. Bb3 O-O 10. O-O b5 11. f4 f5 12. Kh1 Bb7 13. Ng3 Qe8 14. Bd2 a5 15. a4 b4 16. Qe2 Bb6 17. Rae1 Rc8 18. Qh5 Qxh5 19. Nxh5 fxe4 20. dxe4 Ba6 21. Rf3 Bc4 22. f5 Bxb3 23. cxb3 exf5 24. Bg5 Rce8 25. exf5 Nxf5 26. Ref1 Ne3 0-1

[Event "35th Roquetas Festival 2024"]
[Site "Roquetas de Mar"]
[Date "2024.01.03"]
[Round "2.21"]
[White "Macak, Stefan"]
[Black "Castro Quijano, Eduardo"]
[Result "1-0"]
[ECO "C43"]
[WhiteElo "2354"]
[BlackElo "2103"]
[Annotator "RC"]
[PlyCount "107"]
[EventDate "2024.01.02"]
[EventType "swiss"]
[EventCountry "ESP"]
[SourceTitle "playchess.com"]
[Source "ChessBase"]
[SourceQuality "1"]
[TimeControl "5400+30"]

1. e4 e5 2. Nf3 Nf6 3. d4 Nxe4 4. dxe5 d5 5. Nbd2 Be7 6. Be2 O-O 7. O-O Nc5 8. Nb3 Ne6 9. Nbd4 Nxd4 10. Qxd4 c5 11. Qf4 Nc6 12. Qg3 Bf5 13. c3 d4 14. Rd1 d3 15. Bf1 c4 16. Bh6 g6 17. Bxf8 Bxf8 18. Qf4 b5 19. a4 a6 20. g4 Be6 21. axb5 axb5 22. Bg2 Rc8 23. Ng5 Bd5 24. Ra6 Bh6 25. Bxd5 Qxd5 26. Ne4 Bxf4 27. Nf6+ Kg7 28. Nxd5 Bxe5 29. Rb6 Na7 30. Rb7 Rc5 31. Ne7 Rc7 32. Rxc7 Bxc7 33. Ra1 Bb6 34. Kf1 Bc5 35. Nd5 Nc6 36. f4 b4 37. Ra6 bxc3 38. bxc3 Ne7 39. Nxe7 Bxe7 40. Rc6 h5 41. h3 hxg4 42. hxg4 f5 43. g5 Ba3 44. Rc7+ Kf8 45. Rxc4 Bc1 46. Kf2 Bd2 47. Kf3 Ke7 48. Rc6 Bxf4 49. Rxg6 d2 50. Ke2 Be3 51. c4 f4 52. Rf6 f3+ 53. Rxf3 Bxg5 54. Rd3 1-0

[Event "35th Roquetas Festival 2024"]
[Site "Roquetas de Mar"]
[Date "2024.01.03"]
[Round "2.22"]
[White "Vesga Izeta, Markel"]
[Black "Raczek, Krzysztof"]
[Result "0-1"]
[ECO "A41"]
[WhiteElo "2093"]
[BlackElo "2347"]
[Annotator "RC"]
[PlyCount "116"]
[EventDate "2024.01.02"]
[EventType "swiss"]
[EventCountry "ESP"]
[SourceTitle "playchess.com"]
[Source "ChessBase"]
[SourceQuality "1"]
[TimeControl "5400+30"]

1. d4 d6 2. Nf3 Bg4 3. c4 Nd7 4. Nc3 Ngf6 5. g3 e5 6. Bg2 Be7 7. O-O O-O 8. h3 Bh5 9. Nh4 c6 10. Nf5 Re8 11. g4 Bg6 12. e4 Bf8 13. Be3 Qa5 14. Rc1 Rad8 15. Ng3 Nb6 16. g5 exd4 17. Qxd4 Nfd7 18. Rfd1 c5 19. Qd3 Ne5 20. Qe2 Nexc4 21. Bf4 d5 22. Bc7 Rc8 23. Nxd5 Qxa2 24. Bxb6 Nxb6 25. Nxb6 axb6 26. f4 Qe6 27. Qf2 c4 28. f5 Qe5 29. Qf3 Bd6 30. fxg6 fxg6 31. Nf1 Qxb2 32. e5 Bc5+ 33. Kh1 Kh8 34. Rxc4 Qxe5 35. h4 Rf8 36. Qe4 Qb2 37. Qc2 Qe5 38. Re4 Qb8 39. Qa4 Rcd8 40. Qa1 Qc8 41. Rxd8 Qxd8 42. Qe1 b5 43. Re5 b6 44. Nd2 Bb4 45. Rd5 Qc8 46. Qd1 Bc5 47. Ne4 b4 48. Rd3 Qb8 49. Qc1 Qe5 50. Qd1 Qf4 51. Qe1 Re8 52. Rh3 Qe5 53. Qd1 Qf5 54. Rf3 Qe5 55. Rh3 Qf5 56. Rf3 Qe5 57. Qb3 Qd4 58. Qf7 Qg1# 0-1

[Event "35th Roquetas Festival 2024"]
[Site "Roquetas de Mar"]
[Date "2024.01.03"]
[Round "2.23"]
[White "Vergara Anton, Diego"]
[Black "Shamatava, Nikolozi"]
[Result "1-0"]
[ECO "A46"]
[WhiteElo "2346"]
[BlackElo "2088"]
[Annotator "ChessBase"]
[PlyCount "101"]
[EventDate "2024.01.02"]
[EventType "swiss"]
[EventCountry "ESP"]
[SourceTitle "playchess.com"]
[Source "ChessBase"]
[SourceQuality "1"]
[TimeControl "5400+30"]

1. d4 Nf6 2. Nf3 e6 3. e3 b6 4. Bd3 Bb7 5. O-O Be7 6. Qe2 d5 7. c4 O-O 8. Nc3 Nbd7 9. e4 dxe4 10. Nxe4 Nxe4 11. Bxe4 Bxe4 12. Qxe4 Nf6 13. Qe2 c5 14. Rd1 Qc7 15. b3 Rfd8 16. Bb2 Rac8 17. Rd3 Nh5 18. g3 Bf6 19. Rad1 g6 20. d5 exd5 21. cxd5 Re8 22. Qc2 Qd6 23. a4 a6 24. Bxf6 Nxf6 25. Qc4 Ra8 26. Nd2 Re5 27. Nf1 Re4 28. Qc2 b5 29. Rc3 Rc8 30. Ne3 Rb4 31. axb5 axb5 32. Qc1 Nd7 33. Kg2 Re8 34. Nc2 Rbe4 35. Re3 Nf6 36. Qd2 R8e5 37. Qa5 Kg7 38. Rxe4 Rxe4 39. Qc3 h5 40. Ne3 Kh7 41. h4 Ng4 42. Nxg4 Rxg4 43. Qf3 Kg7 44. Qc3+ Kh7 45. Qe3 Rb4 46. Qe8 Kg7 47. Qc6 Qd8 48. d6 Rd4 49. Rxd4 cxd4 50. Qd5 Kf6 51. Qg5+ 1-0

[Event "35th Roquetas Festival 2024"]
[Site "Roquetas de Mar"]
[Date "2024.01.03"]
[Round "2.24"]
[White "Lara Mezcua, Alonso"]
[Black "Luque Saiz, Andres"]
[Result "0-1"]
[ECO "B13"]
[WhiteElo "2084"]
[BlackElo "2328"]
[Annotator "RC"]
[PlyCount "124"]
[EventDate "2024.01.02"]
[EventType "swiss"]
[EventCountry "ESP"]
[SourceTitle "playchess.com"]
[Source "ChessBase"]
[SourceQuality "1"]
[TimeControl "5400+30"]

1. e4 c6 2. d4 d5 3. exd5 cxd5 4. Bd3 Nc6 5. c3 Qc7 6. h3 e6 7. Nf3 Bd6 8. O-O Nge7 9. Re1 Bd7 10. Bc2 f6 11. c4 dxc4 12. d5 exd5 13. Qxd5 Ne5 14. Qd1 O-O-O 15. Be3 Bc6 16. Nbd2 Nxf3+ 17. gxf3 Ng6 18. Qe2 Rhe8 19. Be4 Nf4 20. Qxc4 Bxe4 21. Qxc7+ Bxc7 22. fxe4 Nxh3+ 23. Kg2 Nf4+ 24. Kf3 Nd3 25. Rh1 h6 26. Rab1 Ne5+ 27. Ke2 Ng4 28. f3 Nxe3 29. Kxe3 g5 30. Ke2 Bf4 31. Rbc1+ Kb8 32. Rcd1 Bxd2 33. Rxd2 Rxd2+ 34. Kxd2 Rh8 35. Rh5 Kc7 36. f4 Kd7 37. e5 gxf4 38. exf6 Ke6 39. f7 Kxf7 40. Rf5+ Kg6 41. Rxf4 h5 42. Ke3 Re8+ 43. Kf2 Rc8 44. Rb4 b6 45. Kg3 Kg5 46. Kh3 Rc5 47. a4 Rd5 48. Kg3 Re5 49. Kh3 Kf5 50. Kg3 Ke6 51. Kh3 Kd6 52. Kg3 Kc5 53. Rb5+ Kd4 54. Rb4+ Kd3 55. Kh3 Kc2 56. Kh4 Rd5 57. Kg3 Rd3+ 58. Kh4 Rb3 59. Rc4+ Kxb2 60. Kxh5 Ka3 61. Rc7 a5 62. Rc4 Rb4 0-1

[Event "35th Roquetas Festival 2024"]
[Site "Roquetas de Mar"]
[Date "2024.01.03"]
[Round "2.25"]
[White "Perea Fruet, Lorenzo"]
[Black "Montesinos Diaz, Luis"]
[Result "1-0"]
[ECO "B12"]
[WhiteElo "2323"]
[BlackElo "2050"]
[Annotator "ChessBase"]
[PlyCount "89"]
[EventDate "2024.01.02"]
[EventType "swiss"]
[EventCountry "ESP"]
[SourceTitle "playchess.com"]
[Source "ChessBase"]
[SourceQuality "1"]
[TimeControl "5400+30"]

1. e4 c6 2. d4 d5 3. f3 dxe4 4. fxe4 e5 5. Nf3 Bg4 6. c3 Nf6 7. Bc4 Nbd7 8. O-O Bd6 9. Bd3 O-O 10. Na3 b5 11. Nc2 Qb6 12. a4 a6 13. Qe1 c5 14. a5 Qa7 15. Qg3 Qc7 16. Qh4 cxd4 17. cxd4 Bxf3 18. gxf3 exd4 19. f4 Nc5 20. e5 Nxd3 21. exf6 Rfc8 22. Qg4 g6 23. Nxd4 Nxc1 24. Raxc1 Bc5 25. Kh1 Qb7+ 26. Nf3 Bd4 27. Rcd1 Bxb2 28. Rd6 Rd8 29. Rb6 Qd5 30. Qg2 Bc3 31. Rc1 Bxa5 32. Rbc6 Qe4 33. Ne5 Qxf4 34. Nxf7 Kxf7 35. Qa2+ Kf8 36. Qxa5 Qf3+ 37. Kg1 Rd1+ 38. Rxd1 Qxd1+ 39. Kf2 Qd4+ 40. Kf1 Qf4+ 41. Kg1 Qe3+ 42. Kf1 Qf3+ 43. Kg1 Qxc6 44. Qa3+ Kf7 45. Qe7+ 1-0

[Event "35th Roquetas Festival 2024"]
[Site "Roquetas de Mar"]
[Date "2024.01.03"]
[Round "2.26"]
[White "Perea Fruet, Federico"]
[Black "Alshameary Puente, Ismael"]
[Result "0-1"]
[ECO "B50"]
[WhiteElo "2005"]
[BlackElo "2317"]
[Annotator "RC"]
[PlyCount "76"]
[EventDate "2024.01.02"]
[EventType "swiss"]
[EventCountry "ESP"]
[SourceTitle "playchess.com"]
[Source "ChessBase"]
[SourceQuality "1"]
[TimeControl "5400+30"]

1. e4 c5 2. Nf3 d6 3. c3 Nf6 4. h3 Nc6 5. Bd3 e5 6. O-O g5 7. Nh2 Be6 8. Bc2 Rg8 9. g4 h5 10. f3 Qd7 11. d3 O-O-O 12. Be3 d5 13. Nd2 Kb8 14. Qe2 d4 15. Bf2 Ne7 16. cxd4 cxd4 17. Bb3 Ng6 18. Rfc1 Nf4 19. Qf1 Rh8 20. Bg3 Bb4 21. Bxf4 gxf4 22. Bxe6 Qxe6 23. Nc4 hxg4 24. hxg4 Nh7 25. a3 Be7 26. Rc2 Ng5 27. Rac1 Rh3 28. Rf2 Rdh8 29. Rcc2 Bd8 30. b4 Bc7 31. a4 Qh6 32. Qe2 Qh4 33. Kh1 Qg3 34. a5 Nxf3 35. Rxf3 Rxh2+ 36. Qxh2 Qxf3+ 37. Rg2 Rxh2+ 38. Kxh2 Qxd3 0-1

[Event "35th Roquetas Festival 2024"]
[Site "Roquetas de Mar"]
[Date "2024.01.03"]
[Round "3.1"]
[White "Grigoryan, Karen H."]
[Black "Macak, Stefan"]
[Result "1-0"]
[ECO "B53"]
[WhiteElo "2643"]
[BlackElo "2354"]
[Annotator "TA"]
[PlyCount "99"]
[EventDate "2024.01.02"]
[EventType "swiss"]
[EventCountry "ESP"]
[SourceTitle "playchess.com"]
[Source "ChessBase"]
[SourceQuality "1"]
[TimeControl "5400+30"]

1. e4 c5 2. Nf3 d6 3. d4 cxd4 4. Qxd4 Nc6 5. Bb5 Bd7 6. Bxc6 Bxc6 7. Nc3 Nf6 8. Bg5 e6 9. O-O-O Be7 10. Rhe1 O-O 11. Kb1 h6 12. Bh4 b5 {[%emt 0:02:55][%cal Bb7b5,Bb5b4][%mdl 32] B53: Sicilian: 2...d6: Lines with Qxd4.} 13. Qd3 $5 {[%emt 0:15:29][%mdl 4] [#] A promising side line.} (13. Rd3 $11) 13... b4 $146 ({Predecessor:} 13... Qb6 14. Nd4 b4 15. Nxc6 Qxc6 16. Nb5 Rfd8 17. f3 a5 18. g4 a4 19. g5 hxg5 20. Bxg5 {1-0 Skliarov,V (2383)-Strybuk,A (2378) Titled Tuesday intern op 23rd May Early blitz 2023 (8)}) 14. Nd4 Bb7 {[%emt 0:06:40] Black is slightly better.} 15. Na4 Qa5 16. b3 Rfc8 17. f3 Ba6 18. Qd2 Rc7 (18... Rab8 $15) 19. Rc1 (19. a3 $11) 19... Rac8 20. Re3 {[%emt 0:02:21] [#]} (20. h3 $15) 20... Rc3 21. Be1 $1 $132 {[%emt 0:02:41][%mdl 2048] White is not keeping still} Rxe3 22. Qxe3 d5 {[%emt 0:02:49] ...dxe4 is the strong threat.} 23. e5 Nd7 24. c3 (24. a3 $5) 24... Qc7 25. f4 (25. cxb4 $5 Bd3+ 26. Kb2 Qxc1+ 27. Qxc1 Rxc1 28. Kxc1 $11) 25... bxc3 26. Rxc3 Qb7 27. f5 (27. Rxc8+ $11 {keeps the balance.} Qxc8 28. Qf3) 27... Bg5 $17 28. Qg3 Rc4 29. fxe6 $2 (29. Rxc4 $2 dxc4 30. fxe6 Qe4+ 31. Nc2 fxe6 $19) (29. h4 $17 Be7 30. Bf2 (30. Rxc4 $2 dxc4 31. f6 Qe4+ 32. Kc1 Bf8 $17)) 29... Rxd4 $19 30. exd7 Qxd7 ({Weaker is} 30... Rxa4 31. e6 (31. Rc8+ Kh7 $15) 31... Re4 32. Rc8+ $16) 31. Nc5 Qf5+ 32. Kb2 {[%emt 0:00:12] [#]} Rd1 $1 33. Nxa6 Qb1+ 34. Ka3 Rxe1 35. Qd3 Be7+ 36. b4 {[%emt 0:01:10] Black must now prevent Rc8+.} Qxd3 37. Rxd3 Rxe5 $17 {[%emt 0:00:08][%mdl 4096] Endgame KRB-KRN} 38. h3 Bd8 ({Black should play} 38... Bd6 $15) 39. Kb3 Bb6 40. a4 Re2 (40... Rg5 $5 ) 41. a5 Bg1 42. g4 Re3 $2 (42... g6 $14) 43. Rxe3 $18 Bxe3 {[%emt 0:00:01] KB-KN} 44. Nc7 Kh7 $2 (44... d4 $2 45. Kc4 $18) (44... Bf2 45. Nxd5 Kf8) 45. b5 h5 46. Nxd5 Bf2 47. b6 Bxb6 48. Nxb6 {[%emt 0:00:08] White mates.} ({And not} 48. axb6 axb6 49. Nxb6 (49. gxh5 Kh6 $11) 49... hxg4 50. hxg4 Kg6 $11) 48... hxg4 49. hxg4 Kg6 {[%emt 0:00:09] [#]} 50. a6 $1 {[%emt 0:01:57] White used his chance.   Weighted Error Value: White=0.23 (precise) /Black=0.46} 1-0

[Event "35th Roquetas Festival 2024"]
[Site "Roquetas de Mar"]
[Date "2024.01.03"]
[Round "3.2"]
[White "Suarez Uriel, Adrian"]
[Black "Peng, Li Min"]
[Result "1-0"]
[ECO "B47"]
[WhiteElo "2365"]
[BlackElo "2575"]
[Annotator "TA"]
[PlyCount "53"]
[EventDate "2024.01.02"]
[EventType "swiss"]
[EventCountry "ESP"]
[SourceTitle "playchess.com"]
[Source "ChessBase"]
[SourceQuality "1"]
[TimeControl "5400+30"]

1. e4 c5 2. Nf3 e6 3. d4 cxd4 4. Nxd4 Nc6 5. Nc3 Qc7 6. f4 a6 7. Nxc6 bxc6 8. Bd3 d5 9. O-O Nf6 10. Be3 {B46: Sicilian: Taimanov: 5 Nc3 a6.} Rb8 {[#]} 11. e5 $146 ({Predecessor:} 11. Rb1 Be7 12. Qf3 Bb7 13. Qg3 O-O 14. e5 Nd7 15. Ne2 c5 16. c3 f6 17. exf6 Nxf6 18. Qh3 Bc8 19. Ng3 e5 {0-1 Wimmer,M (1851)-Dotzer,L (2165) EU-ch U14 rapid 2023 (3)}) 11... Nd7 12. Na4 {The position is equal.} c5 13. c4 d4 14. Bd2 Bb7 15. b3 Be7 16. Qh5 {f5 would be deadly.} g6 17. Qh6 Bf8 {Wards off Qg7} 18. Qh3 Bg7 19. Rae1 {[%cal Of4f5,Ba1e1,Be1e5,Be5d5][%mdl 32] With the idea f5!} Bc6 $2 {[#] This costs Black the game.} (19... O-O $1 $11 {and Black has nothing to worry.}) 20. f5 $1 $18 gxf5 21. Bxf5 Bxe5 $2 {[#]} (21... exf5 22. e6 O-O) 22. Bxe6 $1 fxe6 (22... O-O 23. Bf5) 23. Qxe6+ (23. Bg5 $142 Nf8 24. Rxf8+ {[%mdl 64] Clearance} Kxf8 25. Rf1+ Qf7 26. Qxe6 Qxf1+ 27. Kxf1) 23... Kd8 {[#]} 24. Rxe5 {[%cal Of1f7][%mdl 576] Threatens to win with Rf7! Deflection} Bxa4 25. bxa4 {White threatens Rd5 and mate.} Rb2 26. Rd5 Rxd2 27. Qf6+ {Excellently played by Suarez Uriel!   Weighted Error Value: White=0.42/Black=0.83} (27. Rf7 $142 Rd1+ 28. Kf2 Kc8 29. Rdxd7 (29. Rfxd7 $2 {gets mated.} Qf4+ 30. Ke2 Qf1#) 29... Rd2+ 30. Ke1 Kb8 31. Rxc7 Rb2 32. Rc8+ Rxc8 33. Qd6+ Ka8 34. Qxa6+ Kb8 35. Qa7#) 1-0

[Event "35th Roquetas Festival 2024"]
[Site "Roquetas de Mar"]
[Date "2024.01.03"]
[Round "3.3"]
[White "Raczek, Krzysztof"]
[Black "Sosa, Tomas"]
[Result "0-1"]
[ECO "A05"]
[WhiteElo "2347"]
[BlackElo "2554"]
[Annotator "TA"]
[PlyCount "114"]
[EventDate "2024.01.02"]
[EventType "swiss"]
[EventCountry "ESP"]
[SourceTitle "playchess.com"]
[Source "ChessBase"]
[SourceQuality "1"]
[TimeControl "5400+30"]

1. Nf3 Nf6 2. c4 e6 3. e3 d5 4. Nc3 c5 5. cxd5 exd5 6. d4 Nc6 7. Be2 a6 8. O-O Be7 9. b3 O-O 10. Bb2 Re8 {[%emt 0:03:49] D32: Tarrasch Defence: Sidelines and lines without g3.} 11. Rc1 cxd4 12. Nxd4 Ne5 {[%emt 0:00:07] White is slightly better.} 13. Nf3 Nc6 14. Nd4 Ne5 $1 15. Nf3 Ng6 {[%emt 0:00:06] [#]} (15... Nc6 $11) 16. Qd2 $146 ({Predecessor:} 16. Qd3 Be6 17. Rfd1 Qa5 18. Na4 Ne4 19. Bd4 Qd8 20. Nd2 Bf5 21. Nxe4 Bxe4 22. Qc3 Ba3 23. Ra1 Rc8 24. Qe1 {1-0 Andreikin,D (2729)-Chernobay,A (2484) Titled Tuesday intern op 25th Apr Early blitz 2023 (2)}) 16... Be6 17. Rfd1 (17. Na4 {is more complex.} Ne4 18. Qd4 Bf6 19. Qb4) 17... Bd6 18. Na4 Qe7 19. h3 Rad8 20. Qd4 Bf5 21. Nh4 Be4 22. Nxg6 fxg6 23. Nc5 Qf7 24. Nxe4 (24. Qa4 $5 ) 24... Nxe4 25. Bf3 (25. Qxd5 Bh2+ 26. Kxh2 Rxd5 $17) (25. f4 {simplifies} Kh8 26. Qb6 g5 27. Bf3) 25... Be5 26. Qxe5 Rxe5 27. Bxe5 {[%emt 0:00:02] Threatens to win with Bxe4. This pair of bishops is nice.} Qe7 28. Bb2 h5 29. Rd4 Nf6 30. Rd2 Kh7 31. Rdc2 Ne4 32. Bd4 Ng5 33. Be2 Ne6 34. Bb6 (34. Rd1 $11) 34... Rd6 $17 35. Ba5 {[%emt 0:02:22] And now Bb4 would win.} Rd7 {[%emt 0:00:53] ...d4 would be deadly.} 36. Rd1 (36. Bc3 $17) 36... d4 $19 37. Rcd2 Qc5 {[%emt 0:00:55][%csl LRa5,LRe3] Dodges Bb6} 38. b4 Qc3 (38... Qa7 $142 {White must now prevent ...b6.} 39. b5 (39. Bc4 $2 Rd6 $19) 39... Qc5) 39. Bb6 $17 Qxb4 40. Bxd4 Nxd4 41. Rxd4 (41. exd4 $17 b5 42. d5) 41... Rxd4 $19 42. exd4 $17 {[%emt 0:00:01][%mdl 4096] Endgame KQ-KRB} Qb2 $1 43. Bf3 {[%emt 0:00:57] [#]} Kg8 $1 (43... Qxa2 44. d5 Qa5 45. d6 $16) 44. d5 {[%emt 0:00:45] aiming for d6.} Kf8 (44... Qxa2 $2 45. d6 Qa5 46. d7 $18) 45. d6 Ke8 (45... Qxa2 $2 46. d7 (46. Bxb7 Qc2 $17) 46... Qa5 47. d8=Q+ $18) 46. g4 Qxa2 47. gxh5 {[%emt 0:03:12] [#]} Qf7 48. d7+ Kd8 49. Rd3 (49. Bd5 {was necessary.} Qf5 50. Bxb7) 49... gxh5 $19 {[%emt 0:00:28][%cal Bg6h5,Bh5h4][%mdl 32] Strongly threatening ...Qg6+.} 50. Be4 {[%emt 0:00:28] Inhibits Qg6+.} Qe6 51. f3 Qxh3 52. Bxb7 Qg3+ 53. Kf1 h4 {[%emt 0:00:23] ...h3 is the strong threat.} 54. Bc6 Qf4 {[%emt 0:01:22] ( -> ...Qc1+)} ({Stronger than} 54... h3 55. Re3 Kc7 56. Re8 Qg2+ 57. Ke1 Qg3+ 58. Kf1 Qg2+ 59. Ke1 Qg3+ 60. Kf1 $11) 55. Kg2 Qg5+ {[%emt 0:00:01] Black mates.} 56. Kh2 Qg3+ 57. Kh1 Qe1+ {[%emt 0:00:07] Weighted Error Value: White=0.57/Black=0.05 (flawless)} 0-1